 Dungeon Crawl Stone Soup version 0.23-a0-143-g1adec7b (webtiles) character file.

11268 Amnesiac the Quickloader (level 11, 0/89 HPs)
             Began as a Mummy Arcane Marksman on Sept 2, 2018.
             Was a High Priest of Okawaru.
             Slain by a wolf (5 damage)
             ... on level 1 of the Lair of Beasts.
             The game lasted 00:18:12 (10683 turns).

Amnesiac the Quickloader (Mummy Arcane Marksman)   Turns: 10683, Time: 00:18:13

Health: 0/89       AC: 18    Str: 21    XL:     11   Next: 47%
Magic:  15/16      EV:  9    Int: 12    God:    Okawaru [*****.]
Gold:   392        SH:  0    Dex: 13    Spells: 8/12 levels left

rFire    . . .     SeeInvis .   a - +3 triple crossbow (velocity)
rCold    + . .     Gourm    .   (shield currently unavailable)
rNeg     + + +     Faith    .   c - +1 plate armour (curse)
rPois    ∞         Spirit   .   k - +1 helmet "Focemeff" {rPois rF+ Str+4}
rElec    .         Reflect  .   q - +2 cloak
rCorr    .         Harm     .   (no gloves)
MR       +....                  (no boots)
Stlth    ..........             (no amulet)
HPRegen  0.24/turn              A - ring of stealth
MPRegen  0.15/turn              (no ring)

@: heroism
A: no food or potions, fire vulnerability, cold resistance 1, negative energy
resistance 3, torment resistance, unbreathing
a: Heroism, Finesse, Renounce Religion


You were on level 1 of the Lair of Beasts.
You worshipped Okawaru.
Okawaru was extremely pleased with you.
You were not hungry.

You visited 3 branches of the dungeon, and saw 11 of its levels.
You also visited: Ossuary.

You collected 520 gold pieces.
You spent 128 gold pieces at shops.

Inventory:

Hand Weapons
 a - a +3 triple crossbow of velocity (weapon)
 b - the +3 great sword of Miehydama {elec, rElec Dex-4 Stlth+}
   (Okawaru gifted it to you on level 9 of the Dungeon)

   Occasionally, upon striking a foe, it will discharge some electrical energy
   and cause terrible harm.
   It affects your dexterity (-4).
   It insulates you from electricity.
   It makes you more stealthy.
 x - a +3 shortbow of freezing
Missiles
 d - 102 bolts (quivered)
 t - 267 arrows
Armour
 c - a cursed +1 plate armour (worn)
 k - the +1 helmet "Focemeff" (worn) {rPois rF+ Str+4}
   (You took it off Robin on level 3 of the Dungeon)

   It affects your strength (+4).
   It protects you from fire.
   It protects you from poison.
 q - a +2 cloak (worn)
Jewellery
 A - a ring of stealth (left hand)
Wands
 e - a wand of paralysis (26)
 u - a wand of flame (20)
 z - a wand of iceblast (11)
Scrolls
 i - 6 scrolls of remove curse {!r}
 n - a scroll of noise {!r}
 r - 3 scrolls of enchant armour {!r}
 s - 2 scrolls of identify {!r}
 v - 2 scrolls of fog {!r}
 w - a scroll of magic mapping {!r}
 y - 3 scrolls of amnesia {!r}


   Skills:
 + Level 9.5(14.5) Fighting
 * Level 11.3(16.3) Crossbows
 - Level 1.5(6.5) Dodging
 - Level 1.3 Spellcasting
 - Level 2.6 Hexes
 + Level 7.4 Invocations


You had 8 spell levels left.
You knew the following spells:

 Your Spells              Type           Power        Failure   Level  Hunger
a - Cause Fear            Hex            #.........   100%        4    N/A

Your spell library contained the following spells:

 Spells                   Type           Power        Failure   Level  Hunger
 Corona                   Hex            #......      91%         1    N/A
 Slow                     Hex            #.......     97%         2    N/A
 Shock                    Conj/Air       #...         100%        1    N/A
 Swiftness                Chrm/Air       #.......     100%        2    N/A
 Inner Flame              Hex/Fire       #.......     100%        3    N/A
 Portal Projectile        Hex/Tloc       #.....       100%        3    N/A
 Static Discharge         Conj/Air       #.......     100%        3    N/A
 Airstrike                Air            #.........   100%        4    N/A
 Leda's Liquefaction      Hex/Erth       #.........   100%        4    N/A
 Lightning Bolt           Conj/Air       #.........   100%        5    N/A

Dungeon Overview and Level Annotations

Branches:
Dungeon (9/15)             Temple (1/1) D:4            Lair (1/6) D:9
    Orc: D:9-12

Altars:
Ashenzari
Cheibriados
Dithmenos
Elyvilon
Fedhas
Gozag
Hepliaklqana
Kikubaaqudgha
Makhleb
Nemelex Xobeh
Okawaru
Qazlal
Ru
Sif Muna
Trog
Uskayaw
Vehumet
Wu Jian
Xom
Yredelemnul
Zin
The Shining One

Shops:
D:5 *


Innate Abilities, Weirdness & Mutations

You do not eat or drink.
Your flesh is vulnerable to fire.
You are immune to poison.
Your flesh is cold resistant. (rC+)
You are immune to negative energy. (rN+++)
You are immune to unholy pain and torment.
You can survive without breathing.


Message History

The air twists around and strikes you!
* * * LOW HITPOINT WARNING * * *
The water moccasin bites you but does no damage.
The wolf bites you.
* * * LOW HITPOINT WARNING * * *
The wolf barely misses you.
Unknown command.
Firing (i - inventory)
d - 107 bolts (quivered)
Press: ? - help, Shift-Dir - straight line, f/p - Gastronok
Aim: Gastronok, wearing the +3 hat of Pondering {ponderous, MR+ MP+10 Int+5} You shoot a bolt.
The bolt hits Gastronok!!!
You kill Gastronok!
Okawaru is honoured by your kill. The wolf barely misses you.
The wolf bites you.
* * * LOW HITPOINT WARNING * * *
The water moccasin barely misses you. The wolf bites you!
* * * LOW HITPOINT WARNING * * *
The wolf bites you but does no damage. The water moccasin barely misses you.
The wolf bites you.
* * * LOW HITPOINT WARNING * * *
The wolf bites you.
* * * LOW HITPOINT WARNING * * *
Unknown command.
The water moccasin bites you but does no damage.
The wolf bites you but does no damage.
Really read
p - a scroll of fear {!r}?
As you read the scroll of fear {!r}, it crumbles to dust.
You assume a fearsome visage.
The wolf looks frightened! x4
The water moccasin looks frightened!
There is an open door here.
You close the door.
You start resting.
The wolf is too close now for your liking.
You gain the combat prowess of a mighty hero.
Firing (i - inventory)
d - 106 bolts (quivered)
Press: ? - help, Shift-Dir - straight line, f - wolf
Aim: a wolf You shoot a bolt.
The bolt barely misses the wolf.
The wolf bites you!
* * * LOW HITPOINT WARNING * * *
Unknown command.
Firing (i - inventory)
d - 105 bolts (quivered)
Press: ? - help, Shift-Dir - straight line, f/p - wolf
Aim: a wolf You shoot a bolt.
The bolt closely misses the wolf.
You hear a howl! x2
The wolf misses you. The wolf closely misses you.
You hear a howl!
Unknown command.
Firing (i - inventory)
d - 104 bolts (quivered)
Press: ? - help, Shift-Dir - straight line, f/p - wolf
Aim: a wolf You shoot a bolt.
The bolt barely misses the wolf.
The wolf bites you but does no damage. The wolf barely misses you.
The wolf closely misses you.
Unknown command.
Firing (i - inventory)
d - 103 bolts (quivered)
Press: ? - help, Shift-Dir - straight line, f/p - wolf
Aim: a wolf You shoot a bolt.
The bolt hits the wolf.
The wolf is moderately wounded.
The wolf bites you.
* * * LOW HITPOINT WARNING * * *
The wolf bites you.
You die...

.....# ..( ###....#....
######.##....#..?. ..[
#.(....##........
......##.....##......
#.....#.(.h..##...(# ((
.#......####@###..(.#....
.......#####+###.((..##.
.##..............(..>.....
..............[(..........
.........................(
..........................
.........###.###........PP
........#####.##......P≈.P
........##....##...#P≈P≈P≈


You could see a wolf.

Vanquished Creatures
  Gastronok (Lair:1)
  A hydra (Lair:1)
  An unseen horror (D:8)
  Joseph (D:8)
  Maurice (D:8)
  A spiny frog (Lair:1)
  A komodo dragon (Lair:1)
  5 blink frogs (Lair:1)
  A wyvern (D:9)
  A basilisk (D:9)
  5 yaks (D:9)
  Grum (D:8)
  5 water moccasins
  4 porcupines (D:9)
  A black bear (D:9)
  6 ice beasts
  4 wolves (D:8)
  An ogre (D:6)
  2 crocodiles (D:9)
  6 centaurs
  4 elf zombies (Ossuary)
  2 big kobolds
  3 bullfrogs
  3 scorpions
  12 killer bees
  3 crimson imps
  A centaur zombie (Ossuary)
  A quasit (D:8)
  A human zombie (Ossuary)
  A jelly (D:9)
  3 orc priests
  6 hounds
  Crazy Yiuf (D:4)
  A centaur skeleton (D:8)
  2 bullfrog skeletons
  4 iguanas
  9 orc wizards
  4 worker ants
  2 hound zombies
  2 hound skeletons
  2 mummies (Ossuary)
  Robin (D:3)
  4 gnolls (D:5)
  12 adders
  A shadow imp (D:5)
  An ooze (D:4)
  5 adder zombies
  4 adder skeletons
  3 worms
  4 dart slugs
  6 leopard geckos
  19 orcs
  2 ball pythons
  4 giant cockroaches
  19 goblins
  8 hobgoblins
  4 jackals
  9 kobolds
  3 quokkas
  8 bats
  7 frilled lizards
  A giant cockroach zombie (D:6)
  2 goblin zombies (Ossuary)
  8 hobgoblin zombies (Ossuary)
  11 kobold zombies (Ossuary)
  7 orc zombies (Ossuary)
  6 rats
275 creatures vanquished.

Vanquished Creatures (others)
  An orc (D:6)
  3 fungi
  2 plants (D:9)
6 creatures vanquished.

Grand Total: 281 creatures vanquished

Notes
Turn   | Place    | Note
-------+----------+-------------------------------------------
     0 | D:1      | Amnesiac the Mummy Arcane Marksman began the quest for the
                  | Orb.
     0 | D:1      | Reached XP level 1. HP: 15/15 MP: 2/2
   105 | D:1      | Reached skill level 2 in Crossbows
   105 | D:1      | Reached XP level 2. HP: 16/21 MP: 4/4
   916 | D:1      | Reached XP level 3. HP: 27/27 MP: 5/5
  1354 | D:2      | You fall through a shaft!
  1385 | D:2      | Noticed Robin
  1506 | D:3      | Found a snail-covered altar of Cheibriados.
  1570 | D:3      | Found a shattered altar of Ashenzari.
  1595 | D:3      | Reached skill level 3 in Crossbows
  1633 | D:3      | Reached XP level 4. HP: 23/33 MP: 6/6
  1694 | D:3      | Found a radiant altar of Vehumet.
  2352 | D:3      | Reached XP level 5. HP: 34/39 MP: 7/7
  2397 | D:3      | Killed Robin
  2402 | D:3      | Got a translucent helmet
  2421 | D:3      | Identified the +1 helmet "Focemeff" {rPois rF+ Str+4} (You
                  | took it off Robin on level 3 of the Dungeon)
  2858 | D:2      | Reached skill level 4 in Crossbows
  2994 | D:2      | Found a blossoming altar of Fedhas.
  3062 | D:2      | Found a faded altar of an unknown god.
  3381 | D:4      | Found a staircase to the Ecumenical Temple.
  3431 | Temple   | Entered the Ecumenical Temple
  3516 | Temple   | Became a worshipper of Warmaster Okawaru
  3647 | D:4      | Reached XP level 6. HP: 41/47 MP: 8/8
  3773 | D:4      | Found a runed door.
  4214 | D:4      | Reached skill level 5 in Crossbows
  4488 | D:4      | Noticed Crazy Yiuf
  4491 | D:4      | Killed Crazy Yiuf
  4491 | D:4      | Reached * piety under Okawaru
  4546 | D:5      | Entered Level 5 of the Dungeon
  4683 | D:5      | Noticed an ice beast
  4694 | D:5      | Killed an ice beast
  4694 | D:5      | Reached XP level 7. HP: 49/55 MP: 9/9
  5197 | D:5      | Reached skill level 6 in Crossbows
  5283 | D:5      | Reached skill level 5 in Fighting
  5283 | D:5      | Reached skill level 1 in Invocations
  5285 | D:5      | Reached ** piety under Okawaru
  5299 | D:5      | Reached XP level 8. HP: 22/62 MP: 10/10
  5586 | D:5      | Found Odenid's Assorted Antiques.
  5630 | D:5      | Bought a scroll labeled QAIPSY OMECE for 32 gold pieces
  5630 | D:5      | Bought a scroll labeled UTTIVV ZOWUR for 32 gold pieces
  5630 | D:5      | Bought a scroll labeled PENANU XUNG for 32 gold pieces
  5630 | D:5      | Bought a scroll labeled HYCRAM BIUCEYTS for 32 gold pieces
  5829 | D:5      | Reached skill level 7 in Crossbows
  5904 | D:6      | Found a sand-covered staircase.
  5910 | Ossuary  | Entered an ossuary
  6630 | D:6      | Found a basalt altar of Yredelemnul.
  6632 | D:6      | Noticed a profane servitor
  6669 | D:6      | Found a shadowy altar of Dithmenos.
  6692 | D:6      | Reached *** piety under Okawaru
  6844 | D:6      | Found a glowing golden altar of the Shining One.
  6910 | D:7      | Reached XP level 9. HP: 66/69 MP: 11/11
  7015 | D:7      | Reached skill level 8 in Crossbows
  7231 | D:7      | Learned a level 4 spell: Cause Fear
  7420 | D:8      | Found a glowing silver altar of Zin.
  7428 | D:8      | Noticed Joseph
  7442 | D:8      | Noticed Grum
  7447 | D:8      | Killed Joseph
  7447 | D:8      | Reached **** piety under Okawaru
  7447 | D:8      | Received a gift from Okawaru
  7857 | D:8      | Killed an unseen horror
  7857 | D:8      | Received a gift from Okawaru
  7857 | D:8      | Reached skill level 9 in Crossbows
  7857 | D:8      | Reached skill level 5 in Invocations
  8188 | D:8      | Noticed Maurice
  8189 | D:8      | Reached XP level 10. HP: 74/79 MP: 13/13
  8199 | D:8      | Killed Maurice
  8380 | D:8      | Found a burning altar of Makhleb.
  8380 | D:8      | Found a sparkling altar of Nemelex Xobeh.
  8412 | D:8      | Found a white marble altar of Elyvilon.
  8648 | D:8      | Killed Grum
  8988 | D:9      | Noticed a two-headed ogre
  9292 | D:9      | Reached skill level 10 in Crossbows
  9475 | D:9      | Reached ***** piety under Okawaru
  9509 | D:9      | Found a staircase to the Lair.
  9526 | D:9      | Received a gift from Okawaru
  9748 | D:9      | Found a sacrificial altar of Ru.
  9903 | D:9      | Received a gift from Okawaru
  9906 | D:9      | Got a bloodstained great sword {god gift}
  9921 | D:9      | Identified the +3 great sword of Miehydama {elec, rElec
                  | Dex-4 Stlth+} (Okawaru gifted it to you on level 9 of the
                  | Dungeon)
 10031 | Lair:1   | Entered Level 1 of the Lair of Beasts
 10041 | Lair:1   | Noticed a spiny frog
 10045 | Lair:1   | Killed a spiny frog
 10045 | Lair:1   | Reached XP level 11. HP: 85/87 MP: 12/16
 10245 | Lair:1   | Noticed an eight-headed hydra
 10252 | Lair:1   | Killed an eight-headed hydra
 10521 | Lair:1   | Reached skill level 11 in Crossbows
 10607 | Lair:1   | Noticed Gastronok
 10638 | Lair:1   | Killed Gastronok
 10683 | Lair:1   | Slain by a wolf

Vault maps used:
D:1:      enne_arrival_octagon_isle
D:2:      fedhas_altar_4, first_ration, chequers_ecumenical_altar_lobes,
          uniq_robin
D:3:      minmay_door_path, evilmike_ruin_ashenzari, overflow_temple_1_default,
          nicolae_overflow_hidden_temple
D:4:      temple_doors_e, uniq_crazy_yiuf_cottage
D:5:      serial_shops, shop
D:6:      grunt_temple_overflow_holy_war, grunt_dithmenos_smoke_and_mirrors,
          nicolae_ossuary_entry_plus
D:8:      overflow_temple_1_default, grunt_temple_overflow_open, uniq_grum,
          uniq_joseph, uniq_maurice
D:9:      nicolae_ru_path_of_blood, minmay_lair_entry_grove, blue_anna_alchemist
Temple:   dpeg_chambers_temple
Lair:1:   serial_bayou_pond_c, uniq_fannar, uniq_gastronok
Ossuary:  ossuary_tomb_1

Skill      XL: |  1  2  3  4  5  6  7  8  9 10 11 |
---------------+----------------------------------+-----
Crossbows      | 2 3 4 5 6 7 9 10 11 | 11.3
Fighting       | 2 3 4 5 6 7 8 9 |  9.5
Invocations    | 1 3 5 6 7 |  7.4
Dodging        | |  1.5
Spellcasting   | |  1.3
Hexes          | |  2.6

Action                   |  1- 3 |  4- 6 |  7- 9 | 10-12 || total
-------------------------+-------+-------+-------+-------++-------
Melee: Spear             |   165 |       |       |       ||   165
       Mace              |     7 |     5 |       |       ||    12
       Quarterstaff      |       |    27 |     5 |       ||    32
       Triple crossbow   |       |       |     2 |       ||     2
 Fire: Hand crossbow     |    40 |   101 |    42 |       ||   183
       Hunting sling     |    22 |   194 |       |       ||   216
       Shortbow          |       |       |   355 |       ||   355
       Triple crossbow   |       |       |    37 |   204 ||   241
Invok: Heroism           |       |       |     5 |     4 ||     9
  Use: Scroll            |     3 |       |    16 |     1 ||    20
Armor: Robe              |     3 |       |       |       ||     3
       Plate armour      |   165 |   211 |   271 |   106 ||   753
Dodge: Dodged            |    64 |    64 |   101 |    59 ||   288

Table legend:
 A = Non-vault XP
 B = Vault XP
 C = Vault XP percentage of total XP
 D = Non-vault monster count
 E = Vault monster count
 F = Vault count percentage of total count
                 A         B        C        D         E       F
            +---------+---------+-------+---------+---------+-------
      Total |    9659 |    6439 |  40.0 |     197 |      78 |  28.4
            +---------+---------+-------+---------+---------+-------
        D:1 |      54 |       0 |   0.0 |      25 |       0 |   0.0
        D:2 |      53 |       6 |  10.2 |      16 |       3 |  15.8
        D:3 |     131 |      39 |  22.9 |      26 |      13 |  33.3
        D:4 |     324 |      41 |  11.2 |      18 |       1 |   5.3
        D:5 |    1334 |       0 |   0.0 |      30 |       0 |   0.0
        D:6 |     205 |       0 |   0.0 |       6 |       0 |   0.0
        D:7 |     825 |       0 |   0.0 |      13 |       0 |   0.0
        D:8 |    1822 |    1634 |  47.3 |      23 |       7 |  23.3
        D:9 |    1394 |    2109 |  60.2 |      29 |      14 |  32.6
     Lair:1 |    3517 |    2057 |  36.9 |      11 |       1 |   8.3
    Ossuary |       0 |     553 | 100.0 |       0 |      39 | 100.0
            +---------+---------+-------+---------+---------+-------
